%YAML 1.1
%TAG !u! tag:unity3d.com,2011:
--- !u!1 &446716665967927370
GameObject:
  m_ObjectHideFlags: 0
  m_CorrespondingSourceObject: {fileID: 0}
  m_PrefabInstance: {fileID: 0}
  m_PrefabAsset: {fileID: 0}
  serializedVersion: 6
  m_Component:
  - component: {fileID: 4807739902680808888}
  m_Layer: 12
  m_Name: Module (1)
  m_TagString: Untagged
  m_Icon: {fileID: 0}
  m_NavMeshLayer: 0
  m_StaticEditorFlags: 0
  m_IsActive: 1
--- !u!4 &4807739902680808888
Transform:
  m_ObjectHideFlags: 0
  m_CorrespondingSourceObject: {fileID: 0}
  m_PrefabInstance: {fileID: 0}
  m_PrefabAsset: {fileID: 0}
  m_GameObject: {fileID: 446716665967927370}
  m_LocalRotation: {x: 0, y: 0, z: 0, w: 1}
  m_LocalPosition: {x: -0.84, y: 3.82, z: -0.36}
  m_LocalScale: {x: 1, y: 1, z: 1}
  m_Children: []
  m_Father: {fileID: 5647655464067037275}
  m_RootOrder: 1
  m_LocalEulerAnglesHint: {x: 0, y: 0, z: 0}
--- !u!1 &1998879691794690999
GameObject:
  m_ObjectHideFlags: 0
  m_CorrespondingSourceObject: {fileID: 0}
  m_PrefabInstance: {fileID: 0}
  m_PrefabAsset: {fileID: 0}
  serializedVersion: 6
  m_Component:
  - component: {fileID: 4095710594007226076}
  m_Layer: 12
  m_Name: Module (0)
  m_TagString: Untagged
  m_Icon: {fileID: 0}
  m_NavMeshLayer: 0
  m_StaticEditorFlags: 0
  m_IsActive: 1
--- !u!4 &4095710594007226076
Transform:
  m_ObjectHideFlags: 0
  m_CorrespondingSourceObject: {fileID: 0}
  m_PrefabInstance: {fileID: 0}
  m_PrefabAsset: {fileID: 0}
  m_GameObject: {fileID: 1998879691794690999}
  m_LocalRotation: {x: 0, y: 0, z: 0, w: 1}
  m_LocalPosition: {x: 0.82, y: 3.83, z: -0.41}
  m_LocalScale: {x: 1, y: 1, z: 1}
  m_Children: []
  m_Father: {fileID: 5647655464067037275}
  m_RootOrder: 0
  m_LocalEulerAnglesHint: {x: 0, y: 0, z: 0}
--- !u!1 &2854409096101508504
GameObject:
  m_ObjectHideFlags: 0
  m_CorrespondingSourceObject: {fileID: 0}
  m_PrefabInstance: {fileID: 0}
  m_PrefabAsset: {fileID: 0}
  serializedVersion: 6
  m_Component:
  - component: {fileID: 5647655464067037275}
  m_Layer: 12
  m_Name: Module Points
  m_TagString: Untagged
  m_Icon: {fileID: 0}
  m_NavMeshLayer: 0
  m_StaticEditorFlags: 0
  m_IsActive: 1
--- !u!4 &5647655464067037275
Transform:
  m_ObjectHideFlags: 0
  m_CorrespondingSourceObject: {fileID: 0}
  m_PrefabInstance: {fileID: 0}
  m_PrefabAsset: {fileID: 0}
  m_GameObject: {fileID: 2854409096101508504}
  m_LocalRotation: {x: 0, y: 0, z: 0, w: 1}
  m_LocalPosition: {x: 0, y: 0, z: 0}
  m_LocalScale: {x: 1, y: 1, z: 1}
  m_Children:
  - {fileID: 4095710594007226076}
  - {fileID: 4807739902680808888}
  m_Father: {fileID: 3180548794260413340}
  m_RootOrder: 1
  m_LocalEulerAnglesHint: {x: 0, y: 0, z: 0}
--- !u!65 &3463547717739415202
BoxCollider:
  m_ObjectHideFlags: 0
  m_CorrespondingSourceObject: {fileID: 0}
  m_PrefabInstance: {fileID: 0}
  m_PrefabAsset: {fileID: 0}
  m_GameObject: {fileID: 3180548794260413347}
  m_Material: {fileID: 0}
  m_IsTrigger: 1
  m_Enabled: 1
  serializedVersion: 2
  m_Size: {x: 4, y: 4, z: 3}
  m_Center: {x: 0, y: 2, z: 0}
--- !u!95 &2170559704692644304
Animator:
  serializedVersion: 3
  m_ObjectHideFlags: 0
  m_CorrespondingSourceObject: {fileID: 0}
  m_PrefabInstance: {fileID: 0}
  m_PrefabAsset: {fileID: 0}
  m_GameObject: {fileID: 7212908531846430505}
  m_Enabled: 1
  m_Avatar: {fileID: 0}
  m_Controller: {fileID: 0}
  m_CullingMode: 0
  m_UpdateMode: 0
  m_ApplyRootMotion: 0
  m_LinearVelocityBlending: 0
  m_WarningMessage: 
  m_HasTransformHierarchy: 1
  m_AllowConstantClipSamplingOptimization: 1
  m_KeepAnimatorControllerStateOnDisable: 0
--- !u!1001 &211048866430979534
PrefabInstance:
  m_ObjectHideFlags: 0
  serializedVersion: 2
  m_Modification:
    m_TransformParent: {fileID: 0}
    m_Modifications:
    - target: {fileID: 2815379730436226738, guid: 8bc751e4cc7a8ba43918ec7f317556f9,
        type: 3}
      propertyPath: _animations.Array.size
      value: 2
      objectReference: {fileID: 0}
    - target: {fileID: 2815379730436226738, guid: 8bc751e4cc7a8ba43918ec7f317556f9,
        type: 3}
      propertyPath: _animator
      value: 
      objectReference: {fileID: 2170559704692644304}
    - target: {fileID: 2815379730436226738, guid: 8bc751e4cc7a8ba43918ec7f317556f9,
        type: 3}
      propertyPath: _animations.Array.data[4]._animationClip
      value: 
      objectReference: {fileID: -1792518650682794056, guid: 8a638af1edda08244bfdd411c0b41c43,
        type: 3}
    - target: {fileID: 2815379730436226738, guid: 8bc751e4cc7a8ba43918ec7f317556f9,
        type: 3}
      propertyPath: _animations.Array.data[5]._animationClip
      value: 
      objectReference: {fileID: -1792518650682794056, guid: 8a638af1edda08244bfdd411c0b41c43,
        type: 3}
    - target: {fileID: 2815379730436226738, guid: 8bc751e4cc7a8ba43918ec7f317556f9,
        type: 3}
      propertyPath: _animations.Array.data[0]._state
      value: 4
      objectReference: {fileID: 0}
    - target: {fileID: 2815379730436226738, guid: 8bc751e4cc7a8ba43918ec7f317556f9,
        type: 3}
      propertyPath: _animations.Array.data[1]._state
      value: 6
      objectReference: {fileID: 0}
    - target: {fileID: 2815379730436226738, guid: 8bc751e4cc7a8ba43918ec7f317556f9,
        type: 3}
      propertyPath: _animations.Array.data[2]._state
      value: 5
      objectReference: {fileID: 0}
    - target: {fileID: 2815379730436226738, guid: 8bc751e4cc7a8ba43918ec7f317556f9,
        type: 3}
      propertyPath: _animations.Array.data[3]._state
      value: 5
      objectReference: {fileID: 0}
    - target: {fileID: 2815379730436226738, guid: 8bc751e4cc7a8ba43918ec7f317556f9,
        type: 3}
      propertyPath: _animations.Array.data[3]._animationClip
      value: 
      objectReference: {fileID: -1792518650682794056, guid: 8a638af1edda08244bfdd411c0b41c43,
        type: 3}
    - target: {fileID: 2815379730436226738, guid: 8bc751e4cc7a8ba43918ec7f317556f9,
        type: 3}
      propertyPath: _animations.Array.data[4]._state
      value: 5
      objectReference: {fileID: 0}
    - target: {fileID: 2815379730436226738, guid: 8bc751e4cc7a8ba43918ec7f317556f9,
        type: 3}
      propertyPath: _animations.Array.data[2]._animationClip
      value: 
      objectReference: {fileID: -1792518650682794056, guid: 8a638af1edda08244bfdd411c0b41c43,
        type: 3}
    - target: {fileID: 2815379730436226738, guid: 8bc751e4cc7a8ba43918ec7f317556f9,
        type: 3}
      propertyPath: _animations.Array.data[1]._animationClip
      value: 
      objectReference: {fileID: -1792518650682794056, guid: 8a638af1edda08244bfdd411c0b41c43,
        type: 3}
    - target: {fileID: 2815379730436226738, guid: 8bc751e4cc7a8ba43918ec7f317556f9,
        type: 3}
      propertyPath: _animations.Array.data[0]._animationClip
      value: 
      objectReference: {fileID: 5703860635031691587, guid: 62f741292186abe4ab32672081a1c4d4,
        type: 3}
    - target: {fileID: 3372738267075991121, guid: 8bc751e4cc7a8ba43918ec7f317556f9,
        type: 3}
      propertyPath: viewIdField
      value: 0
      objectReference: {fileID: 0}
    - target: {fileID: 3372738267075991122, guid: 8bc751e4cc7a8ba43918ec7f317556f9,
        type: 3}
      propertyPath: m_LocalPosition.x
      value: 0
      objectReference: {fileID: 0}
    - target: {fileID: 3372738267075991122, guid: 8bc751e4cc7a8ba43918ec7f317556f9,
        type: 3}
      propertyPath: m_LocalPosition.y
      value: 0
      objectReference: {fileID: 0}
    - target: {fileID: 3372738267075991122, guid: 8bc751e4cc7a8ba43918ec7f317556f9,
        type: 3}
      propertyPath: m_LocalPosition.z
      value: 0
      objectReference: {fileID: 0}
    - target: {fileID: 3372738267075991122, guid: 8bc751e4cc7a8ba43918ec7f317556f9,
        type: 3}
      propertyPath: m_LocalRotation.x
      value: 0
      objectReference: {fileID: 0}
    - target: {fileID: 3372738267075991122, guid: 8bc751e4cc7a8ba43918ec7f317556f9,
        type: 3}
      propertyPath: m_LocalRotation.y
      value: 0
      objectReference: {fileID: 0}
    - target: {fileID: 3372738267075991122, guid: 8bc751e4cc7a8ba43918ec7f317556f9,
        type: 3}
      propertyPath: m_LocalRotation.z
      value: 0
      objectReference: {fileID: 0}
    - target: {fileID: 3372738267075991122, guid: 8bc751e4cc7a8ba43918ec7f317556f9,
        type: 3}
      propertyPath: m_LocalRotation.w
      value: 1
      objectReference: {fileID: 0}
    - target: {fileID: 3372738267075991122, guid: 8bc751e4cc7a8ba43918ec7f317556f9,
        type: 3}
      propertyPath: m_RootOrder
      value: 0
      objectReference: {fileID: 0}
    - target: {fileID: 3372738267075991122, guid: 8bc751e4cc7a8ba43918ec7f317556f9,
        type: 3}
      propertyPath: m_LocalEulerAnglesHint.x
      value: 0
      objectReference: {fileID: 0}
    - target: {fileID: 3372738267075991122, guid: 8bc751e4cc7a8ba43918ec7f317556f9,
        type: 3}
      propertyPath: m_LocalEulerAnglesHint.y
      value: 0
      objectReference: {fileID: 0}
    - target: {fileID: 3372738267075991122, guid: 8bc751e4cc7a8ba43918ec7f317556f9,
        type: 3}
      propertyPath: m_LocalEulerAnglesHint.z
      value: 0
      objectReference: {fileID: 0}
    - target: {fileID: 3372738267075991123, guid: 8bc751e4cc7a8ba43918ec7f317556f9,
        type: 3}
      propertyPath: _modulePoints.Array.size
      value: 2
      objectReference: {fileID: 0}
    - target: {fileID: 3372738267075991123, guid: 8bc751e4cc7a8ba43918ec7f317556f9,
        type: 3}
      propertyPath: _modulePoints.Array.data[3]
      value: 
      objectReference: {fileID: 4095710594007226076}
    - target: {fileID: 3372738267075991123, guid: 8bc751e4cc7a8ba43918ec7f317556f9,
        type: 3}
      propertyPath: _modulePoints.Array.data[4]
      value: 
      objectReference: {fileID: 4807739902680808888}
    - target: {fileID: 3372738267075991123, guid: 8bc751e4cc7a8ba43918ec7f317556f9,
        type: 3}
      propertyPath: _modulePoints.Array.data[5]
      value: 
      objectReference: {fileID: 0}
    - target: {fileID: 3372738267075991123, guid: 8bc751e4cc7a8ba43918ec7f317556f9,
        type: 3}
      propertyPath: _modulePoints.Array.data[0]
      value: 
      objectReference: {fileID: 4095710594007226076}
    - target: {fileID: 3372738267075991123, guid: 8bc751e4cc7a8ba43918ec7f317556f9,
        type: 3}
      propertyPath: _modulePoints.Array.data[1]
      value: 
      objectReference: {fileID: 4807739902680808888}
    - target: {fileID: 3372738267075991123, guid: 8bc751e4cc7a8ba43918ec7f317556f9,
        type: 3}
      propertyPath: _modulePoints.Array.data[2]
      value: 
      objectReference: {fileID: 0}
    - target: {fileID: 3372738267075991123, guid: 8bc751e4cc7a8ba43918ec7f317556f9,
        type: 3}
      propertyPath: _triggerCollider
      value: 
      objectReference: {fileID: 3463547717739415202}
    - target: {fileID: 3372738267075991149, guid: 8bc751e4cc7a8ba43918ec7f317556f9,
        type: 3}
      propertyPath: m_Name
      value: a4bf1e445590b2844b626d716f4c2635
      objectReference: {fileID: 0}
    - target: {fileID: 3372738268313813714, guid: 8bc751e4cc7a8ba43918ec7f317556f9,
        type: 3}
      propertyPath: m_LocalPosition.y
      value: 2.58
      objectReference: {fileID: 0}
    - target: {fileID: 3372738268313813714, guid: 8bc751e4cc7a8ba43918ec7f317556f9,
        type: 3}
      propertyPath: m_LocalPosition.z
      value: 2.47
      objectReference: {fileID: 0}
    - target: {fileID: 3372738268313813714, guid: 8bc751e4cc7a8ba43918ec7f317556f9,
        type: 3}
      propertyPath: m_LocalPosition.x
      value: 0
      objectReference: {fileID: 0}
    - target: {fileID: 3372738268313813714, guid: 8bc751e4cc7a8ba43918ec7f317556f9,
        type: 3}
      propertyPath: m_LocalRotation.x
      value: 0
      objectReference: {fileID: 0}
    - target: {fileID: 3372738268313813714, guid: 8bc751e4cc7a8ba43918ec7f317556f9,
        type: 3}
      propertyPath: m_LocalRotation.y
      value: 0
      objectReference: {fileID: 0}
    - target: {fileID: 3372738268313813714, guid: 8bc751e4cc7a8ba43918ec7f317556f9,
        type: 3}
      propertyPath: m_LocalRotation.z
      value: 0
      objectReference: {fileID: 0}
    m_RemovedComponents: []
  m_SourcePrefab: {fileID: 100100000, guid: 8bc751e4cc7a8ba43918ec7f317556f9, type: 3}
--- !u!1 &3180548794260413347 stripped
GameObject:
  m_CorrespondingSourceObject: {fileID: 3372738267075991149, guid: 8bc751e4cc7a8ba43918ec7f317556f9,
    type: 3}
  m_PrefabInstance: {fileID: 211048866430979534}
  m_PrefabAsset: {fileID: 0}
--- !u!4 &3180548794260413340 stripped
Transform:
  m_CorrespondingSourceObject: {fileID: 3372738267075991122, guid: 8bc751e4cc7a8ba43918ec7f317556f9,
    type: 3}
  m_PrefabInstance: {fileID: 211048866430979534}
  m_PrefabAsset: {fileID: 0}
--- !u!1001 &1673240155828807200
PrefabInstance:
  m_ObjectHideFlags: 0
  serializedVersion: 2
  m_Modification:
    m_TransformParent: {fileID: 3180548794260413340}
    m_Modifications:
    - target: {fileID: -4216859302048453862, guid: d87501da87488dc468bc6a3b1b44f50d,
        type: 3}
      propertyPath: m_LocalPosition.x
      value: -0
      objectReference: {fileID: 0}
    - target: {fileID: -4216859302048453862, guid: d87501da87488dc468bc6a3b1b44f50d,
        type: 3}
      propertyPath: m_LocalPosition.y
      value: 0
      objectReference: {fileID: 0}
    - target: {fileID: -4216859302048453862, guid: d87501da87488dc468bc6a3b1b44f50d,
        type: 3}
      propertyPath: m_LocalPosition.z
      value: -1
      objectReference: {fileID: 0}
    - target: {fileID: -4216859302048453862, guid: d87501da87488dc468bc6a3b1b44f50d,
        type: 3}
      propertyPath: m_LocalRotation.x
      value: 0
      objectReference: {fileID: 0}
    - target: {fileID: -4216859302048453862, guid: d87501da87488dc468bc6a3b1b44f50d,
        type: 3}
      propertyPath: m_LocalRotation.y
      value: 0.7071068
      objectReference: {fileID: 0}
    - target: {fileID: -4216859302048453862, guid: d87501da87488dc468bc6a3b1b44f50d,
        type: 3}
      propertyPath: m_LocalRotation.z
      value: 0
      objectReference: {fileID: 0}
    - target: {fileID: -4216859302048453862, guid: d87501da87488dc468bc6a3b1b44f50d,
        type: 3}
      propertyPath: m_LocalRotation.w
      value: 0.7071068
      objectReference: {fileID: 0}
    - target: {fileID: -4216859302048453862, guid: d87501da87488dc468bc6a3b1b44f50d,
        type: 3}
      propertyPath: m_RootOrder
      value: 2
      objectReference: {fileID: 0}
    - target: {fileID: -4216859302048453862, guid: d87501da87488dc468bc6a3b1b44f50d,
        type: 3}
      propertyPath: m_LocalEulerAnglesHint.x
      value: 0
      objectReference: {fileID: 0}
    - target: {fileID: -4216859302048453862, guid: d87501da87488dc468bc6a3b1b44f50d,
        type: 3}
      propertyPath: m_LocalEulerAnglesHint.y
      value: 90
      objectReference: {fileID: 0}
    - target: {fileID: -4216859302048453862, guid: d87501da87488dc468bc6a3b1b44f50d,
        type: 3}
      propertyPath: m_LocalEulerAnglesHint.z
      value: 0
      objectReference: {fileID: 0}
    - target: {fileID: -4216859302048453862, guid: d87501da87488dc468bc6a3b1b44f50d,
        type: 3}
      propertyPath: m_LocalScale.x
      value: 4.5
      objectReference: {fileID: 0}
    - target: {fileID: -4216859302048453862, guid: d87501da87488dc468bc6a3b1b44f50d,
        type: 3}
      propertyPath: m_LocalScale.y
      value: 4.5
      objectReference: {fileID: 0}
    - target: {fileID: -4216859302048453862, guid: d87501da87488dc468bc6a3b1b44f50d,
        type: 3}
      propertyPath: m_LocalScale.z
      value: 4.5
      objectReference: {fileID: 0}
    - target: {fileID: -927199367670048503, guid: d87501da87488dc468bc6a3b1b44f50d,
        type: 3}
      propertyPath: m_Name
      value: H_tower
      objectReference: {fileID: 0}
    m_RemovedComponents: []
  m_SourcePrefab: {fileID: 100100000, guid: d87501da87488dc468bc6a3b1b44f50d, type: 3}
--- !u!1 &7212908531846430505 stripped
GameObject:
  m_CorrespondingSourceObject: {fileID: -927199367670048503, guid: d87501da87488dc468bc6a3b1b44f50d,
    type: 3}
  m_PrefabInstance: {fileID: 1673240155828807200}
  m_PrefabAsset: {fileID: 0}
